AoeStats
← mark_aoe_2024

Nomad

509924724Analyzed
4v4 RM · 5d ago on Sep 28, 2026· 45m 38s· 8 players
Game mode
Random Map
Map size
231×231
Population
200
Speed
Normal
Resources
Standard
Victory
Conquest
Starting age
Dark Age
Ending age
Imperial Age
RankedLock teamsTeams togetherTeam positionsShared explorationLock speedFull tech treeHidden civsTurbo modeCheats
Victory
Defeat
🇨🇭 Spanish · Switzerland
1318
+14
🇵🇹 Khmer · Portugal
1309
+14
🇨🇭 Italians · Switzerland
1263
+16
🇪🇸 Japanese · Spain
1241
+17
🇫🇷 Bulgarians · France
1356
-18
🇺🇸 Koreans · United States
1247
-15
🇳🇴 Saxons · Norway
1245
-14
🇳🇱 Turks · Netherlands
1244
-14
optional_cookie
11:58 Feudal Age
10:21 Loom
13:14 Double-Bit Axe
16:19 Fletching
23:28 Castle Age
24:26 Medium Warships
24:40 Bodkin Arrow
27:26 Bow Saw
31:01 Horse Collar
33:52 Ballistics
34:22 Careening
34:17 Fishing Lines
37:05 Heavy Plow
39:57 Wheelbarrow
41:57 Imperial Age
40:28 Scale Mail Armor
40:38 Forging
40:43 Squires
41:34 Chain Mail Armor
43:02 Iron Casting
43:25 Plate Mail Armor
44:55 Arson
CARANZA
3:17 Loom
15:29 Feudal Age
15:55 Man-at-Arms
28:20 Double-Bit Axe
28:17 Horse Collar
30:49 Gold Mining
34:30 Castle Age
33:27 Forging
33:17 Scale Mail Armor
35:59 Iron Casting
35:39 Chain Mail Armor
36:08 Wheelbarrow
35:38 Heavy Plow
35:51 Bow Saw
36:23 Fletching
36:33 Padded Archer Armor
38:38 Bodkin Arrow
41:57 Hand Cart
44:18 Gold Shaft Mining
dr.schniselx
11:45 Loom
13:56 Feudal Age
18:03 Castle Age
16:43 Double-Bit Axe
18:15 Horse Collar
19:40 Town Watch
19:39 Fishing Lines
22:31 Gold Mining
23:05 Gillnets
24:08 Medium Warships
25:23 Wheelbarrow
26:50 Hand Cart
28:12 Bow Saw
28:03 Heavy Plow
29:10 Scale Barding Armor
29:08 Padded Archer Armor
29:31 Stone Mining
30:03 Fletching
30:23 Town Watch
36:08 Imperial Age
35:31 Bloodlines
35:21 Husbandry
36:35 Cavalier
37:54 Leather Archer Armor
37:44 Scale Barding Armor
39:19 Conscription
41:05 Ring Archer Armor
40:56 Chain Barding Armor
41:15 Forging
42:30 Paladin
46:11 Chemistry
45:31 Ballistics
BARAKA wins!
2:59 Loom
12:26 Feudal Age
14:13 Double-Bit Axe
18:43 Castle Age
19:05 Bloodlines
19:40 Scale Barding Armor
19:31 Gold Mining
24:20 Forging
25:55 Bow Saw
28:24 Husbandry
30:10 Chain Barding Armor
30:43 Fletching
37:12 Horse Collar
38:05 Stone Mining
40:02 Wheelbarrow
41:40 Tusk Swords
42:42 Heavy Plow
45:22 Iron Casting
46:17 Gold Shaft Mining
Maudje10
4:00 Loom
12:40 Feudal Age
13:19 Double-Bit Axe
17:04 Fletching
25:45 Castle Age
24:28 Fishing Lines
26:39 Medium Warships
26:26 Bodkin Arrow
27:19 Bow Saw
27:51 Careening
27:52 Clinker Construction
29:33 Ballistics
36:43 Horse Collar
44:52 Imperial Age
42:57 Gillnets
44:32 Wheelbarrow
45:48 Forging
45:43 Scale Barding Armor
Nutty
3:48 Loom
13:53 Feudal Age
14:42 Double-Bit Axe
17:27 Horse Collar
20:14 Bloodlines
24:32 Castle Age
23:10 Gold Mining
24:06 Forging
23:56 Scale Mail Armor
27:02 Fletching
29:45 Arson
30:03 Squires
31:22 Chain Mail Armor
36:35 Elite Skirmisher
bao
13:49 Feudal Age
15:36 Loom
15:38 Double-Bit Axe
20:33 Castle Age
20:44 Forging
21:50 Scale Mail Armor
39:18 Elite Skirmisher
mark_aoe_2024
4:42 Loom
13:43 Feudal Age
17:42 Double-Bit Axe
21:13 Fletching
23:02 Horse Collar
28:39 Castle Age
27:51 Stone Mining
27:54 Gold Mining
29:28 Bodkin Arrow
34:35 Bow Saw
34:51 Murder Holes
36:14 Masonry
39:53 Imperial Age
38:47 Ballistics
41:34 Elite Fire Lancer
43:45 Bracer
44:29 Squires
45:33 Scale Mail Armor
45:44 Forging
Connection lost

Rejoining the realm…

Still unreachable

The connection could not be restored.

Session expired

The server has moved on; the page needs a fresh start.